cohdb
Replays
Latest Replays
All Replays
Popular Replays
Top Player Replays
Match Explorer
How It Works
Community
CoH3 Stats
Reddit
Sign in to upload your games and track your stats! →
Sign in with Steam
Match 43534347
Unlisted
Match 43534347
Overview
Messages
Build Orders
End
Construct Barracks
Engineer Squad
Riflemen Squad
Riflemen Squad
M1 Mortar Team
Selects Special Operations Battlegroup
Air Support Center
Construct Weapon Support Center
Grenade Package
Riflemen Squad
Construct Medical Station
P-47 Strafing Run
M1918 Browning Automatic Rifles
Construct Motor Pool
P-47 Strafing Run
M8 Greyhound Armored Car
Selects Smoke Screen
Selects SSF Commando Squad
Selects M29 Weasel with M1 Pack Howitzer
P-47 Strafing Run
Construct Tank Depot
Selects Air Re-supply Operation
Selects Mark Vehicle
Mark Vehicle
M18 Hellcat Tank Destroyer
Selects UNKNOWN (2162291)
Selects Air Re-supply Operation
P-47 Strafing Run
Soldier.
[lol] Jokurino
Redbone
MasterDebater
Guderian ITA
peter62_nrw
ELITE-Shepard
Vangelis
0
0
Comments
sign in to comment!
No comments posted yet!